 Dungeon Crawl Stone Soup version 0.25-a0-79-g1d1f32e (webtiles) character file.

Game seed: 9938367986742898171, levelgen mode: deterministic

6 topirishpotato the Cudgeler (level 1, -4/12 HPs)
             Began as a Gargoyle Gladiator on Nov 7, 2019.
             Slain by a gnoll
             ... wielding a +0 club
              (6 damage)
             ... on level 1 of the Dungeon.
             The game lasted 00:00:21 (170 turns).

topirishpotato the Cudgeler (Gargoyle Gladiator)     Turns: 170, Time: 00:00:21

Health: -4/12      AC:  6    Str: 17    XL:     1   Next: 90%
Magic:  1/1        EV: 12    Int:  8    God:
Gold:   53         SH:  0    Dex: 11    Spells: 0/0 levels left

rFire    . . .     SeeInvis .   a - +0 flail
rCold    . . .     Gourm    .   (no shield)
rNeg     + . .     Faith    .   b - +0 leather armour
rPois    ∞         Spirit   .   c - +0 helmet
rElec    +         Reflect  .   (no cloak)
rCorr    .         Harm     .   (no gloves)
MR       .....                  (no boots)
Stlth    +.........             (no amulet)
HPRegen  0.04/turn              (no ring)
MPRegen  0.07/turn              (no ring)

@: no status effects
A: negative energy resistance 1, electricity resistance, unbreathing,
petrification resistance, rot immunity, AC +2
a: no special abilities


You were on level 1 of the Dungeon.
You were not hungry.

You visited 1 branch of the dungeon, and saw 1 of its levels.

You collected 53 gold pieces.

Inventory:

Hand Weapons
 a - a +0 flail (weapon)
Missiles
 d - 3 throwing nets (quivered)
Armour
 b - a +0 leather armour (worn)
 c - a +0 helmet (worn)
Scrolls
 g - a scroll of teleportation {unknown}
Potions
 e - a potion of invisibility {unknown}
Comestibles
 f - a ration


   Skills:
 + Level 2.2 Fighting
 + Level 3.2 Maces & Flails
 - Level 1.7 Throwing
 + Level 2.5 Dodging


You couldn't memorise any spells.
You didn't know any spells.
Your spell library was empty.

Dungeon Overview and Level Annotations

Branches:
Dungeon (1/15)

Altars:


Innate Abilities, Weirdness & Mutations

You are resistant to torment.
Your stone body is resilient. (AC +2)
You are immune to poison.
You resist negative energy. (rN+)
You are resistant to electric shocks. (rElec)
You can survive without breathing.
You are immune to petrification.
You are immune to rotting.


Message History

You are too injured to fight recklessly!
You are too injured to fight recklessly!
You are too injured to fight recklessly!
You are too injured to fight recklessly!
You are too injured to fight recklessly!
You are too injured to fight recklessly!
You are too injured to fight recklessly!
You are too injured to fight recklessly!
You are too injured to fight recklessly!
You are too injured to fight recklessly!
You are too injured to fight recklessly!
You sock the gnoll!
The gnoll is severely wounded.
The gnoll hits you with a +0 club.
* * * LOW HITPOINT WARNING * * *
You hit the gnoll but do no damage.
The gnoll is severely wounded.
The gnoll hits you with a +0 club.
Ouch! That really hurt!
You die...

#. #... .. ###.... ... #.
....... #.# .. #. ....#.#
#.. #.####.#....... ##.#
#.....?........ ..#
.......r..#.#.# ^.. #.# #g#
...# ##.. ##.###@#..#..#
#####...
#......##.#..###.......
####..######.#..#...###...
#.....### ##.#....### #...
#..###...###.....#...######
#. ###..##.#.#.###..## # .
##.....#.....##..# ##.
#............###.####
..########.#'#.###....#
#....#


You could see a gnoll and a rat.

Vanquished Creatures
  A bat (D:1)
  A goblin (D:1)
  A hobgoblin (D:1)
  A kobold (D:1)
  A rat (D:1)
5 creatures vanquished.

Notes
Turn   | Place    | Note
-------+----------+-------------------------------------------
     0 | D:1      | topirishpotato the Gargoyle Gladiator began the quest for
                  | the Orb.
     0 | D:1      | Reached XP level 1. HP: 12/12 MP: 1/1
   170 | D:1      | Slain by a gnoll

Levels and vault maps discovered:
D:1:      minmay_arrival_doors, layout_rooms

Action                   || total
-------------------------++-------
Melee: Flail             ||    15
Armor: Leather armour    ||     3
Dodge: Dodged            ||     6

Table legend:
 A = Non-vault XP
 B = Vault XP
 C = Vault XP percentage of total XP
 D = Non-vault monster count
 E = Vault monster count
 F = Vault count percentage of total count
                 A         B        C        D         E       F
            +---------+---------+-------+---------+---------+-------
      Total |       9 |       0 |   0.0 |       5 |       0 |   0.0
            +---------+---------+-------+---------+---------+-------
        D:1 |       9 |       0 |   0.0 |       5 |       0 |   0.0
            +---------+---------+-------+---------+---------+-------
